 Dungeon Crawl Stone Soup version 0.30-a0-272-gf98c3da03f (webtiles) character file.

Game seed: 12507191861932581200

32 koil the Sneak (level 3, 0/17 HPs)
             Began as a Spriggan Enchanter on Oct 15, 2022.
             Succumbed to an adder's poison
             ... on level 2 of the Dungeon.
             The game lasted 00:02:46 (1320 turns).

koil the Sneak (Spriggan Enchanter)                 Turns: 1320, Time: 00:02:46

Health: 0/17       AC:  2    Str:  4    XL:     3   Next: 10%
Magic:  2/8        EV: 18    Int: 16    God:
Gold:   100        SH:  0    Dex: 17    Spells: 6/8 levels left

rFire   . . .      SeeInvis +    a - +1 dagger
rCold   . . .      Faith    .    (no shield)
rNeg    . . .      Spirit   .    b - +0 robe
rPois   .          Reflect  .    (helmet restricted)
rElec   .          Harm     .    (no cloak)
rCorr   .          Rampage  .    (gloves unavailable)
Will    .....                    (boots unavailable)
Stlth   +++.......               (no amulet)
HPRegen 0.22/turn                (no ring)
MPRegen 0.11/turn                (no ring)

@: brilliant, lethally poisoned (0 -> -3), very quick
A: very small, no large weapons, unfitting armour, see invisible, speed 3
a: no special abilities


You were on level 2 of the Dungeon.
You visited 1 branch of the dungeon, and saw 2 of its levels.

You collected 100 gold pieces.

Inventory:

Hand Weapons
 a - a +1 dagger (weapon)
Armour
 b - a +0 robe (worn)
Scrolls
 d - a scroll of identify
 e - 2 scrolls of magic mapping
 f - a scroll of teleportation {unknown}
 h - a scroll of poison {unknown}
Potions
 c - 3 potions of invisibility


   Skills:
 + Level 0.9 Fighting
 + Level 1.6 Short Blades
 + Level 3.0 Dodging
 + Level 4.8 Stealth
 + Level 3.1 Spellcasting
 + Level 3.8 Hexes


You had 6 spell levels left.
You knew the following spells:

 Your Spells              Type           Power      Damage    Failure   Level
a - Ensorcelled Hibernat  Hex/Ice        26%        N/A       13%         2

Your spell library contained the following spells:

 Spells                   Type           Power      Damage    Failure   Level
 Confusing Touch          Hex            22%        N/A       12%         3
 Tukima's Dance           Hex            22%        N/A       12%         3
 Dazzling Flash           Conj/Hex       26%        N/A       26%         3


Dungeon Overview and Level Annotations

Branches:
Dungeon (2/15)

Altars:


Innate Abilities, Weirdness & Mutations

You are very small and have problems with some larger weapons.
You are too small for most types of armour.
You have supernaturally acute eyesight. (SInv)
You cover ground extremely quickly. (Speed+++)


Message History

You hit the adder.
The adder is moderately wounded.
The adder misses you. The adder bites you.
You are poisoned.
The adder poisons you!
You hit the adder.
The adder is severely wounded.
You feel sick. The adder bites you.
You hit the adder but do no damage.
The adder is severely wounded.
You feel sick. The adder misses you.
You hit the adder.
The adder is almost dead.
You feel sick. The adder bites you.
* * * LOW HITPOINT WARNING * * *
You are lethally poisoned!
The adder poisons you!
You closely miss the adder.
The adder is almost dead.
* * * LOW HITPOINT WARNING * * *
You feel sick. The adder bites you but does no damage.
You hit the adder.
You kill the adder!
* * * LOW HITPOINT WARNING * * *
You feel sick.
You have reached level 3!
Your experience leads to an increase in your attributes!
Increase (S)trength, (I)ntelligence, or (D)exterity?
You feel agile. x2
There is a lethal amount of poison in your body!
There is a lethal amount of poison in your body!
It was a potion of brilliance.
You feel clever all of a sudden.
* * * LOW HITPOINT WARNING * * *
You feel sick.
Okay, then.
As you read the scroll labelled OLEALINNASS, it crumbles to dust.
It is a scroll of identify.
e - 2 scrolls of magic mapping You die...

... ......#
.. ......#
.. .......
#. ......#
#. ......#
#.#......#
####.†...#
#....@#
#.....#
#.....# ..
#.....######
##.
#..........#
##.[
#...>.####.#
... #.....#
###.
#######.##
...
#........#
#######.


There were no monsters in sight!

Vanquished Creatures
  An adder (D:2)
  A giant cockroach (D:2)
  A goblin (D:1)
  6 hobgoblins
  A quokka (D:1)
  4 ball pythons
  A frilled lizard (D:1)
  4 kobolds
  3 rats (D:1)
22 creatures vanquished.

Notes
Turn   | Place    | Note
-------+----------+-------------------------------------------
     0 | D:1      | koil the Spriggan Enchanter began the quest for the Orb.
     0 | D:1      | Reached XP level 1. HP: 9/9 MP: 5/5
   346 | D:1      | Reached XP level 2. HP: 10/14 MP: 6/6
   349 | D:1      | Learned a level 2 spell: Ensorcelled Hibernation
  1319 | D:2      | Reached XP level 3. HP: 2/17 MP: 2/8
  1320 | D:2      | Succumbed to an adder's poison

Illustrated notes

Levels and vault maps discovered:
D:1:      lightli_arrival_maybe_door_vault, layout_basic, minmay_misc_feat_chi,
          chequers_serial_rivers_large_b, nicolae_eternal_life
D:2:      layout_basic, uniq_robin, uniq_crazy_yiuf_cottage

Skill      XL: |  1  2 |
---------------+-------+-----
Spellcasting   | 3 |  3.1
Dodging        | 3 |  3.0
Fighting       | |  0.9
Short Blades   | |  1.6
Stealth        | |  4.8
Hexes          | |  3.8

Action                   || total
-------------------------++-------
Melee: Dagger            ||    68
 Cast: Ensorcelled Hiber ||     7
  Use: Scroll            ||     1
       Potion            ||     1
 Stab: Sleeping          ||    10
Armor: Robe              ||     9
Dodge: Dodged            ||    39

Table legend: (Time is in decaauts)
 A = Elapsed time spent in this place.
 B = Non-inter-level travel time spent in this place.
 C = Inter-level travel time spent in this place.
 D = Time resting spent in this place.
 E = Time spent auto-exploring this place.
 F = Levels seen in this place.
 G = Mean time per level.
                   A        B        C        D        E       F      G
               +--------+--------+--------+--------+--------+-----+--------+
         Total |    915 |    897 |     18 |      0 |    737 |   2 |  457.5 |
       Dungeon |    915 |    897 |     18 |      0 |    737 |   2 |  457.5 |
               +--------+--------+--------+--------+--------+-----+--------+

Top non-repeatable levels by time:
     D:1: 647 daAuts
     D:2: 267 daAuts
